 Dungeon Crawl Stone Soup version 0.16.0-12-g7215832 (webtiles) character file.

12203 hulla the Transmogrifier (level 11, -5/77 HPs)
             Began as an Octopode Transmuter on Mar 18, 2015.
             Was the Champion of Makhleb.
             Killed from afar by a minotaur (29 damage)
             ... with a rod of lightning
             ... in a labyrinth.
             The game lasted 03:11:11 (17447 turns).

hulla the Transmogrifier (Octopode Transmuter)     Turns: 17447, Time: 03:11:11

Health: -5/77      AC:  4    Str:  9    XL:     11   Next: 89%
Magic:  18/18      EV: 14    Int: 20    God:    Makhleb [******]
Gold:   724        SH:  0    Dex: 12    Spells: 4 memorised, 4 levels left

rFire  . . .     SeeInvis +     q - +8 blowgun
rCold  . . .     Clarity  .     (no shield)
rNeg   . . .     SustAb   .     (helmet restricted)
rPois  .         Gourm    .     (no amulet)
rElec  .         Spirit   .     p - ring of wizardry
rCorr  .         Warding  .     O - +6 ring of slaying
rMut   .         Stasis   .     e - +3 ring of protection
MR     .....                    P - ring of see invisible
Stlth  +++.......               (no ring)
                                (no ring)
                                (no ring)
                                (no ring)

@: not resistant to hostile enchantments, fairly stealthy
A: almost no armour, amphibious, 8 rings, constrict 8, camouflage 1, gelatinous
body 1
a: Minor Destruction, Lesser Servant of Makhleb, Major Destruction, Greater
Servant of Makhleb, Renounce Religion


You were in a labyrinth.
You worshipped Makhleb.
Makhleb was exalted by your worship.
You were hungry.

You visited 2 branches of the dungeon, and saw 14 of its levels.
You also visited: Labyrinth and Volcano.

You collected 724 gold pieces.

Inventory:

Hand weapons
 a - a +0 hunting sling
 l - a +3 falchion of protection
 q - a +8 blowgun (weapon)
 z - a +0 short sword of draining
 N - a +4 battleaxe of electrocution
 T - a +2 short sword of holy wrath
 V - a +0 dagger of speed
Missiles
 b - 142 arrows
 n - 10 sling bullets of frost
 r - 41 poisoned needles (quivered)
 v - 79 stones
 D - 9 sling bullets
 W - 5 needles of slowing
Jewellery
 e - a +3 ring of protection (on tentacle)
 i - an uncursed ring of protection from cold
 p - a ring of wizardry (left tentacle)
 x - an uncursed ring of flight
 M - an uncursed ring of ice
 O - a +6 ring of slaying (right tentacle)
 P - a ring of see invisible (on tentacle)
Magical devices
 h - a wand of polymorph (15)
 A - a wand of fire (4)
 B - a wand of frost (26)
 C - a wand of lightning (2)
 R - a wand of slowing (18)
 Z - a wand of fireball (9)
Scrolls
 f - 4 scrolls of magic mapping
 j - 2 scrolls of amnesia
 o - 6 scrolls of teleportation
 t - 5 scrolls of identify
 F - a scroll of recharging
 J - a scroll of remove curse
 Q - a scroll of enchant weapon
 U - 3 scrolls of blinking
Potions
 c - 2 potions of brilliance
 g - a potion of cancellation
 k - 6 potions of curing
 u - 3 potions of heal wounds
 G - a potion of magic {unknown}
 H - a potion of ambrosia {unknown}
Books
 d - a book of Changes

   Spells                             Type                      Level
   a - Beastly Appendage              Transmutation                1
   b - Sticks to Snakes               Transmutation                2
   c - Spider Form                    Transmutation/Poison         3
   d - Ice Form                       Ice/Transmutation            4
   e - Blade Hands                    Transmutation                5
 m - a book of Flames

   Spells                             Type                      Level
   a - Flame Tongue                   Conjuration/Fire             1
   b - Throw Flame                    Conjuration/Fire             2
   c - Conjure Flame                  Conjuration/Fire             3
   d - Inner Flame                    Hexes/Fire                   3
   e - Sticky Flame                   Conjuration/Fire             4
   f - Fireball                       Conjuration/Fire             5
 L - a book of Geomancy

   Spells                             Type                      Level
   a - Sandblast                      Earth                        1
   b - Stoneskin                      Transmutation/Earth          2
   c - Passwall                       Transmutation/Earth          3
   d - Stone Arrow                    Conjuration/Earth            3
   e - Petrify                        Transmutation/Earth          4
   f - Lee's Rapid Deconstruction     Earth                        5
 S - a book of Envenomations

   Spells                             Type                      Level
   a - Spider Form                    Transmutation/Poison         3
   b - Alistair's Intoxication        Transmutation/Poison         4
   c - Olgreb's Toxic Radiance        Poison                       4
   d - Poisonous Cloud                Conjuration/Poison/Air       6
Miscellaneous
 K - a sack of spiders
Comestibles
 s - a royal jelly
 w - 7 meat rations
 y - 14 bread rations
 E - 7 fruits
 I - a slice of pizza
 Y - a beef jerky


   Skills:
 + Level 8.0 Fighting
 - Level 5.0 Dodging
 - Level 2.0 Stealth
 - Level 4.5 Unarmed Combat
 - Level 2.0 Spellcasting
 * Level 13.1 Transmutations
 - Level 6.1 Ice Magic
 - Level 4.4 Poison Magic
 - Level 4.0 Invocations


You had 4 spell levels left.
You knew the following spells:

 Your Spells              Type           Power        Failure   Level  Hunger
a - Beastly Appendage     Trmt           ######       1%          1    #......
b - Spider Form           Trmt/Pois      #####.....   1%          3    ###....
c - Sticks to Snakes      Trmt           ######....   1%          2    ##.....
d - Ice Form              Ice/Trmt       #####...     1%          4    #####..


Dungeon Overview and Level Annotations

Branches:
Dungeon (9/15)             Temple (0/1) D:4            Lair (5/8) D:9
  Snake (0/5) Lair:5          Orc (0/4) D:9
  Swamp: Lair:3-6    Shoals: Lair:3-6

Altars:
Cheibriados
Dithmenos
Elyvilon
Fedhas
Gozag
Kikubaaqudgha
Makhleb
Okawaru
Vehumet
Xom
Yredelemnul
Zin

Shops:
D:7 :

Annotations:
D:9 exclusion: ice statue


Innate Abilities, Weirdness & Mutations

You cannot wear most types of armour.
You are amphibious.
You can wear up to eight rings at the same time.
You can use your tentacles to constrict many enemies at once.
Your skin changes colour to match your surroundings (Stealth).
Your rubbery body absorbs attacks (AC +1).


Message History

You feel a sudden draft!
A minotaur comes into view.
The minotaur bellows!
The minotaur picks up a thick smoking rod.
The minotaur wields a thick smoking rod.
Found a gnarled runed staff.
Found an escape hatch in the ceiling.
The minotaur zaps a rod.
The lightning hits you!
Drink which item? (? for menu, Esc to quit)
Okay, then.
Use which ability? (? or * to list)
A demon appears!
You feel slightly more hungry.
The minotaur zaps a rod.
The lightning hits you! The lightning hits your neqoxec.
You swap places.
Use which ability? (? or * to list)
A demon appears!
You feel slightly more hungry.
The minotaur zaps a rod.
The lightning misses your neqoxec. The lightning misses you.
The minotaur zaps a rod.
The lightning hits your neqoxec.
Your neqoxec dies!
The lightning hits you!
You die...

▓▓▓▓▓▓▓▓▓▓▓▓▓▓▓▓▓▓▓▓▓▓
..<.H.....@3..........
#####.#.#####.###.#.##
#. # # ## ###.# #...#
##.###.# #...... # ##
## #. #. .#


You could see a minotaur and a friendly ynoxinul.

Vanquished Creatures
  Pikel (D:7)
  A griffon (Lair:4)
  A black mamba (Lair:5)
  3 komodo dragons
  5 spiny frogs
  A fire drake (Lair:4)
  Grinder (D:5)
  4 blink frogs (Lair:2)
  9 yaks (Lair:3)
  A spriggan (D:9)
  2 hippogriffs
  3 wolves (Lair:3)
  4 water moccasins
  Edmund (D:7)
  A sky beast (D:6)
  A swamp drake (Lair:1)
  2 black bears
  4 porcupines
  4 ice beasts
  2 ogres (D:5)
  A centaur (D:5)
  4 orc warriors
  2 phantoms
  6 crocodiles
  12 giant frogs
  A gnoll sergeant (D:4)
  3 killer bees (D:7)
  A scorpion (D:5)
  An electric eel (Lair:4)
  5 crimson imps
  2 goliath beetles
  4 lava snakes (Lab)
  2 jellies (D:8)
  3 centaur skeletons
  6 orc priests
  4 orc wizards
  8 hounds
  A giant frog zombie (D:8)
  9 iguanas
  Natasha (thrice) (D:5)
  2 worker ants
  A killer bee zombie (D:8)
  2 hound skeletons
  A mummy (D:9)
  26 adders
  31 river rats
  3 gnolls (D:5)
  2 giant mites
  2 shadow imps
  An adder skeleton (D:9)
  6 giant geckos
  An ooze (D:1)
  37 orcs
  13 bats
  A bat zombie (D:8)
  14 goblins
  16 hobgoblins
  14 jackals
  13 kobolds
  8 quokkas
  A ball python (D:2)
  3 giant cockroaches
  A giant gecko zombie (D:5)
  4 giant newts
  A quokka skeleton (D:7)
  17 rats
  A plant (Lair:1)
351 creatures vanquished.

Vanquished Creatures (collateral kills)
  An ogre (D:4)
1 creature vanquished.

Vanquished Creatures (others)
  A neqoxec (Lab)
  A slave (D:7)
  A hound (D:7)
  An orc (D:7)
4 creatures vanquished.

Grand Total: 356 creatures vanquished

Notes
Turn   | Place    | Note
--------------------------------------------------------------
     0 | D:1      | hulla, the Octopode Transmuter, began the quest for the Orb.
     0 | D:1      | Reached XP level 1. HP: 13/13 MP: 3/3
   196 | D:1      | Reached XP level 2. HP: 15/18 MP: 4/4
   953 | D:2      | Reached XP level 3. HP: 14/23 MP: 4/6
  1077 | D:2      | Learned a level 3 spell: Spider Form
  1145 | D:2      | Found an iron altar of Okawaru.
  1598 | D:2      | Reached skill level 1 in Poison Magic
  1961 | D:2      | Reached XP level 4. HP: 18/28 MP: 5/7
  1987 | D:2      | Found a burning altar of Makhleb.
  1988 | D:2      | Found a shimmering altar of Xom.
  1993 | D:2      | Became a worshipper of Makhleb the Destroyer
  2120 | D:2      | Reached skill level 4 in Transmutations
  2165 | D:2      | Found a white marble altar of Elyvilon.
  2943 | D:3      | Acquired Makhleb's first power
  2943 | D:3      | Reached XP level 5. HP: 20/33 MP: 7/9
  3477 | D:3      | Found a radiant altar of Vehumet.
  3483 | D:3      | Found an opulent altar of Gozag.
  4117 | D:4      | Noticed an ogre
  4153 | D:4      | Found a staircase to the Ecumenical Temple.
  4331 | D:4      | Noticed a phantom
  4355 | D:3      | Learned a level 2 spell: Sticks to Snakes
  4526 | D:4      | Reached XP level 6. HP: 38/38 MP: 8/10
  4757 | D:4      | Killed an ogre
  5545 | D:4      | Acquired Makhleb's second power
  5550 | D:4      | Reached XP level 7. HP: 19/43 MP: 7/12
  5714 | D:4      | Learned a level 4 spell: Ice Form
  5986 | D:4      | Found a glowing silver altar of Zin.
  6040 | D:4      | Reached skill level 1 in Ice Magic
  6134 | D:5      | Entered Level 5 of the Dungeon
  6137 | D:5      | Noticed Natasha
  6153 | D:5      | Killed Natasha
  6153 | D:5      | Reached skill level 1 in Stealth
  6211 | D:5      | Reached skill level 5 in Dodging
  6316 | D:5      | Noticed Natasha
  6325 | D:5      | Killed Natasha
  6558 | D:5      | Noticed Natasha
  6565 | D:5      | Killed Natasha
  7027 | D:5      | Acquired Makhleb's third power
  7236 | D:5      | Noticed Grinder
  7238 | D:5      | Paralysed by Grinder for 2 turns
  7262 | D:5      | Paralysed by Grinder for 2 turns
  7491 | D:5      | Killed Grinder
  7491 | D:5      | Reached skill level 5 in Ice Magic
  7491 | D:5      | Reached XP level 8. HP: 46/48 MP: 9/13
  8010 | D:5      | Reached skill level 5 in Transmutations
  8304 | D:6      | Reached skill level 6 in Ice Magic
  8330 | D:6      | Found a basalt altar of Yredelemnul.
  8446 | D:6      | Reached XP level 9. HP: 53/53 MP: 14/14
  8502 | D:6      | Found a blossoming altar of Fedhas.
  8516 | D:6      | Reached skill level 7 in Transmutations
  8886 | D:4      | Killed a phantom
  8940 | D:7      | Noticed Edmund
  8953 | D:7      | Killed Edmund
  8956 | D:7      | Reached skill level 8 in Transmutations
  9090 | D:7      | Found Xodot's Book Shop.
  9200 | D:7      | Acquired Makhleb's fourth power
  9244 | D:7      | Noticed Pikel
  9259 | D:7      | Killed Pikel
  9271 | D:7      | Reached skill level 9 in Transmutations
 10403 | D:8      | Found an ancient bone altar of Kikubaaqudgha.
 10811 | D:8      | Reached XP level 10. HP: 63/63 MP: 16/16
 11184 | D:8      | Found a shadowy altar of Dithmenos.
 11184 | D:8      | Found a snail-covered altar of Cheibriados.
 11508 | D:9      | Found a staircase to the Orcish Mines.
 11577 | D:9      | Acquired Makhleb's fifth power
 11661 | D:9      | Reached skill level 10 in Transmutations
 11702 | D:9      | Found an opulent altar of Gozag.
 11712 | D:9      | Found a staircase to the Lair.
 11838 | D:9      | Noticed an ice statue
 12284 | D:9      | Reached skill level 5 in Fighting
 12558 | Lair:1   | Entered Level 1 of the Lair of Beasts
 12586 | Lair:1   | Reached skill level 1 in Invocations
 13697 | Lair:2   | Reached skill level 11 in Transmutations
 13976 | Lair:2   | Reached XP level 11. HP: 54/72 MP: 14/17
 14201 | Lair:2   | Noticed a seven-headed hydra
 14642 | Lair:3   | Reached skill level 12 in Transmutations
 15221 | Lair:4   | Found a dark tunnel.
 15230 | Volcano  | Entered a volcano
 16417 | Lair:5   | Reached skill level 13 in Transmutations
 16479 | Lair:5   | Found a labyrinth entrance.
 16485 | Lair:5   | Found a staircase to the Snake Pit.
 16488 | Lab      | Entered a labyrinth
 17441 | Lab      | Noticed a minotaur
 17447 | Lab      | Killed from afar by a minotaur

Action                   |  1- 3 |  4- 6 |  7- 9 | 10-12 || total
-------------------------+-------+-------+-------+-------++-------
Melee: Unarmed           |    65 |   115 |   228 |   295 ||   703
       Dagger            |       |       |     2 |       ||     2
 Fire: Blowgun           |       |     6 |    68 |    56 ||   130
       Hunting sling     |       |       |     2 |    38 ||    40
Throw: Tomahawk          |    16 |    50 |    22 |     2 ||    90
       Stone             |       |       |     6 |    22 ||    28
 Cast: Beastly Appendage |     4 |    12 |     4 |       ||    20
       Sticks to Snakes  |       |     7 |     2 |       ||     9
       Spider Form       |       |     5 |    15 |    13 ||    33
       Ice Form          |       |       |    13 |    27 ||    40
Invok: Lesser Servant of |       |       |       |     2 ||     2
 Abil: End Transformatio |       |     1 |     2 |     5 ||     8
       Evoke Flight      |       |       |       |     2 ||     2
       Stop Flying       |       |       |       |     1 ||     1
Evoke: Wand              |       |       |     1 |       ||     1
  Use: Scroll            |     5 |     6 |     7 |    14 ||    32
       Potion            |       |     1 |     3 |     5 ||     9
 Stab: Sleeping          |     2 |       |     8 |    10 ||    20
       Distracted        |       |       |     2 |     1 ||     3
       Fleeing           |       |       |     1 |       ||     1
  Eat: Chunk             |     2 |    11 |    18 |    25 ||    56
       Beef jerky        |       |     1 |       |       ||     1
       Meat ration       |       |       |     1 |       ||     1
       Pizza             |       |       |       |     2 ||     2
